 Dungeon Crawl Stone Soup version 0.31-a0-188-g5e087ee2ca (webtiles) character file.

Game seed: 285084990833531172

19 qw the Shooter (level 2, 0/16 HPs)
             Began as a Deep Elf Hunter on June 23, 2023.
             Succumbed to their own poison gas
             ... on level 1 of the Dungeon.
             The game lasted 00:00:15 (531 turns).

qw the Shooter (Deep Elf Hunter)                     Turns: 531, Time: 00:00:16

Health: 0/16       AC:  3    Str:  8    XL:     2   Next: 55%
Magic:  4/4        EV: 12    Int: 13    God:
Gold:   52         SH:  0    Dex: 18    Spells: 1/1 levels left

rFire   . . .        Y - +0 shortbow
rCold   . . .        (shield currently unavailable)
rNeg    . . .        c - +0 leather armour
rPois   .            (no helmet)
rElec   .            (no cloak)
rCorr   .            (no gloves)
SInv    .            (no boots)
Will    .....        (no amulet)
Stlth   ++           (no ring)
HPRegen 0.22/turn    (no ring)
MPRegen 0.09/turn

%: no passive effects
@: lethally poisoned (0 -> -4), weak-willed
A: no striking features
a: no special abilities


You were on level 1 of the Dungeon.
You visited 1 branch of the dungeon, and saw 1 of its levels.

You collected 52 gold pieces.


   Skills:
 - Level 1.5 Fighting
 + Level 6.3 Ranged Weapons
 - Level 2.4 Dodging
 - Level 1.2 Stealth


You had one spell level left.
You didn't know any spells.
Your spell library was empty.

Inventory:

Hand Weapons
 Y - a +0 shortbow (weapon)
Armour
 c - a +0 leather armour (worn)
Scrolls
 e - a scroll of identify
Potions
 f - a potion of might
 g - a potion of curing {unknown}

Dungeon Overview and Level Annotations

Branches:
Dungeon (1/15)

Altars:


Message History

Done exploring.
523 ||| READING 2 scrolls of identify.
As you read the scroll of identify, it crumbles to dust.
f - a potion of might;
523 ||| IDENTIFYING fizzy black potion Done exploring.
524 ||| DROPPING scroll of butterflies.
You drop a scroll of butterflies.
Done exploring.
(D) Dungeon
Where to? (* - list waypoints, ? - help)
What level of the Dungeon? (default 1, ? - help) Sorry, I don't know how to get there.
Enter note:
Enter note:
Enter note:
Enter note:
Enter note:
Enter note:
Enter note:
Enter note:
Enter note:
Enter note:
Enter note:
Enter note: Really walk into that cloud of poison gas?
You are engulfed in poison gas.
You are lethally poisoned!
You feel very sick.
526 ||| Stepping ~*~*~tactically~*~*~ (cloud).
You feel very sick.
You see here a scroll of butterflies.
There is a lethal amount of poison in your body!
You feel very sick.
There is a lethal amount of poison in your body!
You feel sick.
There is a lethal amount of poison in your body!
You feel sick.
There is a lethal amount of poison in your body!
You feel sick.
There is a lethal amount of poison in your body!
You die...

#.....#.........#.............
#.....######.##............###
#.....'......##...##.....###
#.....#########....'.....#
#...[.# ####.#¤....#
####.....# #########0¤0..>.#
.........# #00¤000¤0¤00....#
.........# #¤¤¤.¤¤¤000¤...##
.........# #000@.¤0...#####
.....##### #0¤0¤¤00.00# .....#
#¤¤0¤.¤¤0¤¤# .....#
#000¤¤¤¤¤00# .....#
#¤¤¤¤¤0¤.¤0# .....#
#00¤¤¤¤00¤0# .....#
#0¤0.0000.0# ######
############


There were no monsters in sight!

Vanquished Creatures
  3 endoplasms (D:1)
  A goblin (D:1)
  2 kobolds (D:1)
  3 quokkas (D:1)
  3 ball pythons (D:1)
  4 bats (D:1)
16 creatures vanquished.

Notes
Turn   | Place    | Note
-------+----------+-------------------------------------------
     0 | D:1      | qw the Deep Elf Hunter began the quest for the Orb.
     0 | D:1      | Reached XP level 1. HP: 12/12 MP: 3/3
     0 | D:1      | 0 ||| qw: Version: 0.3-a-9-g12657ce
     0 | D:1      | 0 ||| qw: Game counter: 3547
     0 | D:1      | 0 ||| qw: Always use a shield: true
     0 | D:1      | 0 ||| qw: God list: Okawaru
     0 | D:1      | 0 ||| qw: Allow faded altars: false
     0 | D:1      | 0 ||| qw: Do Orc after D:15 true
     0 | D:1      | 0 ||| qw: Do second Lair branch before Depths: true
     0 | D:1      | 0 ||| qw: Lair rune preference: random
     0 | D:1      | 0 ||| qw: Plans: Normal
     0 | D:1      | 0 ||| PLANNING D:1-11
    94 | D:1      | Reached skill level 6 in Ranged Weapons
    94 | D:1      | Reached XP level 2. HP: 12/16 MP: 4/4
   515 | D:1      | 515 ||| READING scroll labelled IDOPPU CENNU.
   516 | D:1      | 516 ||| READING 3 scrolls labelled YHUERE KAXAUNOZUSS.
   517 | D:1      | 517 ||| READING scroll labelled DEALALAHUL.
   521 | D:1      | 521 ||| READING scroll labelled LATEYB TAUNOWK.
   522 | D:1      | 522 ||| READING scroll labelled PEUDEU UBLAXKISH.
   523 | D:1      | 523 ||| READING 2 scrolls of identify.
   523 | D:1      | 523 ||| IDENTIFYING fizzy black potion
   524 | D:1      | 524 ||| DROPPING scroll of butterflies.
   526 | D:1      | 526 ||| Stepping ~*~*~tactically~*~*~ (cloud).
   528 | D:1      | HP: 4/16 [poisoned by you (poison gas)]
   530 | D:1      | HP: 1/16 [poisoned by you (poison gas)]
   531 | D:1      | Succumbed to their own poison gas

Levels and vault maps discovered:
D:1:      eino_arrival_cavern_e, layout_basic

Skill      XL: |  1 |
---------------+----+-----
Ranged Weapons | 6 |  6.3
Fighting       | |  1.5
Dodging        | |  2.4
Stealth        | |  1.2

Action                     || total
---------------------------++-------
   Fire: Shortbow          ||    44
    Use: Scroll            ||     6
 Armour: Leather armour    ||     5
  Dodge: Dodged            ||     7

Table legend:
 A = Non-vault XP
 B = Vault XP
 C = Vault XP percentage of total XP
 D = Non-vault monster count
 E = Vault monster count
 F = Vault count percentage of total count
                 A         B        C        D         E       F
            +---------+---------+-------+---------+---------+-------
      Total |      28 |       0 |   0.0 |      16 |       0 |   0.0
            +---------+---------+-------+---------+---------+-------
        D:1 |      28 |       0 |   0.0 |      16 |       0 |   0.0
            +---------+---------+-------+---------+---------+-------
